 Dungeon Crawl Stone Soup version 0.25.1-9-gc5326a611f (webtiles) character file.

Game seed: 5120531768461259041

12 Goreval the Magician (level 2, 0/17 HPs)
             Began as an Octopode Wizard on Jan 1, 2021.
             Slain by a bat (1 damage)
             ... on level 1 of the Dungeon.
             The game lasted 00:01:16 (318 turns).

Goreval the Magician (Octopode Wizard)               Turns: 318, Time: 00:01:16

Health: 0/17       AC:  1    Str:  6    XL:     2   Next: 33%
Magic:  3/6        EV: 13    Int: 20    God:
Gold:   7          SH:  0    Dex: 10    Spells: 2/7 levels left

rFire    . . .     SeeInvis .   (no weapon)
rCold    . . .     Gourm    .   (no shield)
rNeg     . . .     Faith    .   a - +0 hat
rPois    .         Spirit   .   (no amulet)
rElec    .         Reflect  .   (no ring)
rCorr    .         Harm     .   (no ring)
MR       .....                  (no ring)
Stlth    ++++......             (no ring)
HPRegen  0.05/turn              (no ring)
MPRegen  0.10/turn              (no ring)
                                (no ring)
                                (no ring)

@: no status effects
A: almost no armour, stealthy swim, amphibious, 8 rings, constrict 8, camouflage
1, gelatinous body 1
a: no special abilities


You were on level 1 of the Dungeon.
You were not hungry.

You visited 1 branch of the dungeon, and saw 1 of its levels.

You collected 7 gold pieces.

Inventory:

Missiles
 g - 13 stones (quivered)
Armour
 a - a +0 hat (worn)
Scrolls
 d - a scroll of identify {unknown}
 f - 2 scrolls of amnesia {unknown}
Potions
 e - a potion of haste {unknown}
Comestibles
 b - 2 chunks of flesh
 c - 2 rations


   Skills:
 + Level 2.2 Dodging
 + Level 3.0 Stealth
 + Level 3.1 Spellcasting
 * Level 1.6 Conjurations
 - Level 1.0 Summonings
 - Level 1.0 Translocations


You had 2 spell levels left.
You knew the following spells:

 Your Spells              Type           Power        Failure   Level  Hunger
a - Magic Dart            Conj           #...         8%          1    None
n - Blink                 Tloc           N/A          14%         2    ##.....
z - Call Imp              Summ           #.......     14%         2    ##.....

Your spell library contained the following spells:

 Spells                   Type           Power        Failure   Level  Hunger
 Slow                     Hex            #.......     22%         2    ##.....
 Conjure Flame            Conj/Fire      #.......     30%         3    ###....
 Mephitic Cloud           Conj/Pois/Air  #.......     34%         3    ###....


Dungeon Overview and Level Annotations

Branches:
Dungeon (1/15)

Altars:


Innate Abilities, Weirdness & Mutations

You cannot wear most types of armour.
You are very stealthy in the water. (Stealth+)
You are amphibious.
You can wear up to eight rings at the same time.
You can use your tentacles to constrict eight enemies at once.
Your skin changes colour to match your surroundings (Stealth+).
Your rubbery body absorbs attacks. (AC +1, EV +1)


Message History

The bat misses you. The bat hits you but does no damage.
The bat closely misses you. The bat closely misses you. The bat hits you.
* * * LOW HITPOINT WARNING * * *
The bat barely misses you. x2
The bat completely misses you. The bat misses you.
The bat hits you but does no damage. The bat closely misses you.
You completely miss the bat. You grab the bat.
You constrict the bat, but do no damage.
The bat hits you.
* * * LOW HITPOINT WARNING * * *
The bat escapes!
Aim: a hobgoblin, wielding a +0 club The magic dart hits the hobgoblin but does no damage.
The bat hits you.
You die...

....##P....≈P≈≈.......#
.#........PP.P.P.P....#
)#.......P...........P#
.##....P....≈....P..P.#
.##.....≈.......≈.P≈PP#
.###....P.≈...≈P.....P#
.# #..##...≈....≈.P≈..#
## ##.##.≈##≈≈gb≈≈##..#
.# #.###.≈.#P≈≈@≈..###
.# ..# ######≈≈#.≈## .#
.## ####### .# .# .##.#
....# #####


You could see a hobgoblin and a bat.

Vanquished Creatures
  A leopard gecko (D:1)
  A ball python (D:1)
  2 bats (D:1)
  A giant cockroach (D:1)
  A goblin (D:1)
  2 hobgoblins (D:1)
  A rat (D:1)
9 creatures vanquished.

Notes
Turn   | Place    | Note
-------+----------+-------------------------------------------
     0 | D:1      | Goreval the Octopode Wizard began the quest for the Orb.
     0 | D:1      | Reached XP level 1. HP: 11/11 MP: 4/4
   205 | D:1      | Reached XP level 2. HP: 17/17 MP: 3/6
   209 | D:1      | Learned a level 2 spell: Blink
   212 | D:1      | Learned a level 2 spell: Call Imp
   318 | D:1      | Slain by a bat

Illustrated notes

Levels and vault maps discovered:
D:1:      lemuel_arrival_muddy, layout_basic, serial_glass, glass_columns_b,
          glass_columns_c

Skill      XL: |  1  2 |
---------------+-------+-----
Stealth        | 3 |  3.0
Dodging        | |  2.2
Spellcasting   | |  3.1
Conjurations   | |  1.6
Summonings     | |  1.0
Translocations | |  1.0

Action                   || total
-------------------------++-------
Melee: Unarmed           ||    10
       Constrict         ||     4
 Cast: Magic Dart        ||    21
Armor: Skin              ||    24
Dodge: Dodged            ||    51
